Unix NetHack Version 5.0.0-0 post-release - last build Jul 19 2026 19:10:59 (3aa4ab31751d3886436d94b585a96704892fd477,branch:main).

Game began 2026-07-25 17:34:28, ended 2026-07-26 06:29:26.

LDaviesPeters, neutral female human Archeologist

                                     --
                                    --.--          ---
                                   --....  ---    --.--
                                 ---......--..- ---.>.-- --
                            ...................--.........-
                                        -...........<...-
                                        |................|
                                        --........--^....|
                                         ----..@|........|
                                            -.Gh|--....---
                                           -.-..|  ..`--
                                             ..-- ----
                                            ...
                                            ...
                                           ....
                                          |..--
                                          ---
LDaviesPeters the Field Worker  St:13 Dx:8 Co:12 In:16 Wi:18 Ch:9  Neutral
Dlvl:4  $:0  HP:0(24) Pw:17(17) AC:9  Xp:3 T:908 

Latest messages:
 You put 10 gold pieces into the sack.
 You put a scroll of enchant weapon into the sack.
 You see here a food ration.
 A cloud of gas puts you to sleep!
 The little dog misses the jackal.
 The little dog misses the jackal.
 The little dog misses the jackal.
 The little dog bites the jackal.
 The jackal is killed!
 Your little dog eats a jackal corpse.
 You wake up.
 There is a food ration here; eat it? [ynq] (n) y
 Blecch!  Rotten food!
 The world spins and goes dark.
 You are conscious again.
 There is a partly eaten food ration here; eat it? [ynq] (n) y
 You resume your meal.
 You finish eating the food ration.
 There is a sleeping gas trap here.
 You see no objects here.
 You hear the chime of a cash register.
 The door resists!
 The door opens.
 The door opens.
 You kill the newt!
 You descend the stairs.
 The gnome suddenly disappears!
 You miss the gnome lord.
 You lash the gnome lord.
 You lash the gnome lord.
 You lash the gnome lord.
 The gnome lord reads a scroll labeled KIRJE!
 The gnome lord vanishes and reappears farther away.
 You lash the gnome lord.
 You lash the gnome lord.
 The gnome lord hits!
 You kill the gnome lord!
 Welcome to experience level 3.
 The dwarf wields a broad short sword!
 The dwarf thrusts her broad short sword.
 The dwarf hits!
 You lash the dwarf.
 You lash the dwarf.
 The dwarf thrusts her broad short sword.
 The dwarf hits!
 You miss the dwarf.
 The dwarf thrusts her broad short sword.
 The dwarf hits!
 You die...
 Do you want your possessions identified? [ynq] (y) q

Inventory:
 Amulets  ('"')
  i - an uncursed amulet of reflection (being worn)
 Weapons  (')')
  o - a +0 dagger
  a - a +2 bullwhip (weapon in right hand)
 Armor    ('[')
  c - an uncursed +0 fedora (being worn)
  h - an uncursed +0 leather jacket (being worn)
 Comestibles  ('%')
  k - an uncursed carrot
  d - 5 uncursed food rations
  n - an uncursed tin of french fried shrieker
 Wands    ('/')
  r - a wand of striking (0:5)
 Tools    ('(')
  b - an uncursed sack containing 5 items
  p - a +0 pick-axe (alternate weapon; not wielded)
  f - a tinning kit (0:68)
 Gems/Stones  ('*')
  g - an uncursed touchstone

Contents of the sack:
  17 gold pieces
  a cursed scroll of enchant weapon
  an uncursed scroll of scare monster
  an uncursed potion of water
  a blessed potion of full healing

LDaviesPeters the Archeologist's attributes:

Background:
 You were a Field Worker, a level 3 female human Archeologist.
 You were neutral, on a mission for Camaxtli
 who was opposed by Quetzalcoatl (lawful) and Huhetotl (chaotic).
 You were right-handed.
 You were in the Gnomish Mines, on level 4.
 You entered the dungeon 908 turns ago.
 You had 54 experience points, 26 more were needed to attain level 4.

Basics:
 You had 0 out of 24 hit points.
 You had all 17 energy points (spell power).
 Your armor class was 9.
 Your wallet was empty, but
 you had 17 zorkmids stashed away in your pack.
 Autopickup was off.

Final Characteristics:
 Your strength was 13 (limit:18/100).
 Your dexterity was 8 (limit:18).
 Your constitution was 12 (limit:18).
 Your intelligence was 16 (limit:18).
 Your wisdom was 18 (limit:18).
 Your charisma was 9 (limit:18).

Final Status:
 You weren't hungry.
 You were unencumbered.
 You were wielding a whip.
 You had basic skill with whip.

Final Attributes:
 You were devoutly aligned.
 You had automatic searching.
 You had reflection.
 You were lucky.
 You are dead.

Miscellaneous:
 You didn't encounter any bones levels.
 Total elapsed playing time was 9 minutes and 51 seconds.

Major events:
 Turn
    1: LDaviesPeters the neutral female human Archeologist entered the dungeon
  889: entered the Gnomish Mines
  900: attained the rank of Field Worker (level 3)
  908: killed by a dwarf

Spells:
 Name                 Level Category     Fail Retention
 confuse monster        1   enchantment    0%  76%-100%

Skills:
 Fighting Skills
   bare handed combat [Unskilled]
   two weapon combat  [Unskilled]
   riding             [Unskilled]
 Weapon Skills
   dagger             [Unskilled]
   knife              [Unskilled]
   pick-axe           [Basic]
   short sword        [Unskilled]
   saber              [Unskilled]
   club               [Unskilled]
   quarterstaff       [Unskilled]
   sling              [Unskilled]
   dart               [Unskilled]
   boomerang          [Unskilled]
   whip               [Basic]
   unicorn horn       [Unskilled]
 Spellcasting Skills
   attack spells      [Unskilled]
   healing spells     [Unskilled]
   divination spells  [Unskilled]
   matter spells      [Unskilled]

Voluntary challenges:
 Character rerolling was not enabled.
 You were an atheist.
 You never genocided any monsters.
 You never polymorphed an object.
 You never changed form.
 You used no wishes.
Achievements:
 You entered the Gnomish Mines.
 You attained the rank of Field Worker.

 The Dungeons of Doom: levels 1 to 3
    Level 1:
    Level 2:
    Level 3:
       A fountain, a sink.
       Stairs down to The Gnomish Mines.
 The Gnomish Mines:
    Level 4: <- You were here.
       Final resting place for
          you, killed by a dwarf.


Vanquished creatures:
  a gnome leader
  a hobbit
  a gnome zombie
  a gecko
  2 jackals
  a fox
  a goblin
  7 grid bugs
  a lichen
  9 newts
25 creatures vanquished.

No species were genocided or became extinct.

Game over:
                       ----------
                      /          \
                     /    REST    \
                    /      IN      \
                   /     PEACE      \
                  /                  \
                  |  LDaviesPeters   |
                  |      17 Au       |
                  |   killed by a    |
                  |      dwarf       |
                  |                  |
                  |                  |
                  |       2026       |
                 *|     *  *  *      | *
        _________)/\\_//(\/(/\)/\//\/|_)_______

Goodbye LDaviesPeters the Archeologist...

You died in The Gnomish Mines on dungeon level 4 with 382 points,
and 17 pieces of gold, after 908 moves.
You were level 3 with a maximum of 24 hit points when you died.

